 Dungeon Crawl Stone Soup version 0.30-a0-755-g0b50240ab4 (console) character file.

Game seed: 3698099923149060045

5642 Ignak the Fighter (level 10, -27/110 HPs)
             Began as an Ogre Hedge Wizard on Feb 9, 2023.
             Was a Priest of Okawaru.
             Annihilated by a very large slime creature (52 damage)
             ... on level 12 of the Dungeon.
             The game lasted 00:25:00 (9847 turns).

Ignak the Fighter (Ogre Hedge Wizard)               Turns: 9847, Time: 00:25:01

Health: -27/110    AC:  5    Str: 20    XL:     10   Next: 74%
Magic:  20/21      EV: 16    Int: 15    God:    Okawaru [***...]
Gold:   541        SH:  0    Dex:  8    Spells: 17/23 levels left

rFire   . . .      SeeInvis .    a - +2 giant spiked club (vamp)
rCold   . . .      Faith    .    (shield currently unavailable)
rNeg    . . .      Spirit   .    j - +0 robe
rPois   +          Reflect  .    c - +0 hat
rElec   .          Harm     .    r - +2 cloak
rCorr   .          Rampage  .    (gloves unavailable)
Will    +....                    (boots unavailable)
Stlth   +                        g - amulet of magic regeneration
HPRegen 0.38/turn                n - ring of poison resistance
MPRegen 0.57/turn                d - +5 ring of evasion

@: very slightly contaminated
A: large, unfitting armour, tough skin 1, deformed body
a: Renounce Religion, Heroism


You were on level 12 of the Dungeon.
You worshipped Okawaru.
Okawaru was most pleased with you.
You visited 2 branches of the dungeon, and saw 12 of its levels.

You collected 541 gold pieces.

Inventory:

Hand Weapons
 a - a +2 vampiric giant spiked club (weapon)
 b - a +2 whip of electrocution
 l - a +4 hand axe
Missiles
 p - 2 large rocks (quivered)
 t - 25 poisoned darts
Armour
 c - a +0 hat (worn)
 j - a +0 robe (worn)
 r - a +2 cloak (worn)
Magical Staves
 C - a staff of earth
Jewellery
 d - a +5 ring of evasion (right hand)
 g - an amulet of magic regeneration (around neck)
 n - a ring of poison resistance (left hand)
 x - a +6 ring of dexterity
Wands
 o - a wand of mindburst (18)
 q - a wand of quicksilver (9)
Scrolls
 s - a scroll of magic mapping
 v - 3 scrolls of amnesia
 w - 2 scrolls of fear
 y - a scroll of silence
 A - a scroll of fog
Potions
 e - a potion of mutation
 f - a potion of lignification
 h - a potion of ambrosia {unknown}
 i - 3 potions of flight
 k - a potion of berserk rage {unknown}
 m - 2 potions of heal wounds
 z - 2 potions of brilliance
 B - a potion of invisibility
 E - a potion of resistance
Miscellaneous
 u - a lightning rod (4/4)


   Skills:
 + Level 10.0 Fighting
 - Level 1.7(5.1) Axes
 * Level 7.1(7.2) Maces & Flails
 - Level 1.6 Armour
 + Level 5.7 Dodging
 - Level 1.5 Stealth
 + Level 7.3 Spellcasting
 - Level 3.0 Conjurations
 - Level 1.0 Summonings
 - Level 3.0 Translocations
 + Level 3.5 Air Magic
 - Level 2.0 Poison Magic
 + Level 0.0 Evocations


You had 17 spell levels left.
You knew the following spells:

 Your Spells              Type           Power      Damage    Failure   Level
a - Magic Dart            Conj           56%        1d5       3%          1
b - Blink                 Tloc           28%        N/A       5%          2
d - Mephitic Cloud        Conj/Pois/Air  14%        N/A       12%         3

Your spell library contained the following spells:

 Spells                   Type           Power      Damage    Failure   Level
 Shock                    Conj/Air       60%        1d6       3%          1
 Poisonous Vapours        Pois/Air       26%        N/A       6%          2
 Cigotuvi's Dreadful Rot  Necr/Pois/Air  22%        N/A       9%          2
 Swiftness                Air            16%        N/A       9%          3
 Slow                     Hex            20%        N/A       13%         1
 Ensorcelled Hibernation  Hex/Ice        10%        N/A       19%         2
 Spider Form              Tmut/Pois      8%         N/A       26%         3
 Airstrike                Air            8%         2d(2-18)  30%         4
 Anguish                  Hex/Necr       2%         N/A       77%         4
 Orb of Destruction       Conj           7%         9d6       100%        7
 Call Imp                 Summ           Unusable   N/A       N/A         2
 Summon Guardian Golem    Hex/Summ       Unusable   N/A       N/A         3
 Spellforged Servitor     Conj/Summ      Unusable   N/A       N/A         7

Dungeon Overview and Level Annotations

Branches:
Dungeon (10/15)            Temple (1/1) D:7
   Lair: D:8-11         Orc: D:9-12

Altars:
Ashenzari
Cheibriados
Dithmenos
Elyvilon
Fedhas
Hepliaklqana
Kikubaaqudgha
Makhleb
Nemelex Xobeh
Okawaru
Qazlal
Sif Muna
Uskayaw
Vehumet
Wu Jian
Xom
Yredelemnul
Zin
The Shining One

Shops:
D:2 (


Innate Abilities, Weirdness & Mutations

You are too large for most types of armour.
You have tough skin. (AC +1)
Armour fits poorly on your strangely shaped body.


Message History

Confirm with . or Enter, or press ? or * to list all spells.
You blink.
Throw: 4 large rocks
Press: ? - help, Q - select action, (/) - cycle Shift-Dir - straight line, f - large slime creature
Aim: a large slime creature (lightly wounded, 82% to hit)
You throw a large rock.
The large rock hits the large slime creature!!
The large slime creature is moderately wounded.
You feel stable enough to blink again.
Throw: 3 large rocks
Press: ? - help, Q - select action, (/) - cycle Shift-Dir - straight line, f/p - large slime creature
Aim: a large slime creature (moderately wounded, 82% to hit)
You throw a large rock.
The large rock hits the large slime creature.
The large slime creature is moderately wounded.
A large slime creature splits.
Casting: Blink (safe; 5% risk of failure)
Confirm with . or Enter, or press ? or * to list all spells.
You miscast Blink.
You are very lightly contaminated with residual magic.
Nothing appears to happen.
The slime creature hits you! The slime creature closely misses you.
Casting: Blink (safe; 5% risk of failure)
Confirm with . or Enter, or press ? or * to list all spells.
You blink.
The slime creature attacks as you move away!
The slime creature hits you!
The very large slime creature attacks as you move away!
The very large slime creature hits you!
You see here a large rock.
The slime creature attacks as you move away!
The slime creature hits you!
* * * LOW HITPOINT WARNING * * *
The slime creature attacks as you move away!
The slime creature misses you.
You feel stable enough to blink again.
There is an open door here.
The very large slime creature attacks as you move away!
The very large slime creature hits you!!!
You die...

... #'# #.# #.#
##.##########
#######+##
#...........##
#........#
#...♣♣.♣♣##.).
+.......J####...♣P~P♣
###.
#...(..JJ@..#...♣♣~.♣
#.
#........##...♣♣♣♣.♣♣
#. ##+########.♣♣♣
P~♣ ♣. #.P♣ .~~ ~.
#.... ~~. ..
##♣~~P♣~.~ ♣♣# ♣♣♣♣


You could see a very large slime creature and 2 slime creatures.

Vanquished Creatures
  A two-headed ogre (D:9)
  A gargoyle (D:12)
  Psyche (D:7)
  Sigmund (D:6)
  A wyvern (D:9)
  Grum (D:8)
  5 yaks (D:9)
  A steam dragon (D:9)
  2 water moccasins
  An ice beast (D:6)
  2 orc warriors
  2 sky beasts
  An ogre (D:5)
  4 wolves
  3 centaurs
  A phantom (D:5)
  4 kobold brigands
  3 bullfrogs (D:8)
  2 necrophages
  5 scorpions
  6 wights
  A howler monkey (D:6)
  2 hounds
  3 orc priests
  Crazy Yiuf (D:2)
  A jelly (D:7)
  An iguana (D:5)
  2 orc wizards (D:5)
  6 gnolls
  2 adders
  2 white imps
  2 ufetubi (D:5)
  A worm (D:3)
  2 dart slugs
  15 orcs
  4 bats
  14 endoplasms
  7 giant cockroaches
  8 hobgoblins
  4 jackals (D:2)
  30 kobolds
  4 quokkas
  2 ball pythons
  12 frilled lizards
  13 goblins
  11 rats
  A spectral goblin (D:2)
199 creatures vanquished.

Vanquished Creatures (collateral kills)
  An iguana (D:4)
  4 gnolls (D:4)
  An adder (D:4)
  A worm (D:2)
  An orc (D:6)
  3 ball pythons
  A goblin (D:1)
  2 kobolds
14 creatures vanquished.

Vanquished Creatures (others)
  36 plants
  5 toadstools (D:1)
41 creatures vanquished.

Grand Total: 254 creatures vanquished

Notes
Turn   | Place    | Note
-------+----------+-------------------------------------------
     0 | D:1      | Ignak the Ogre Hedge Wizard began the quest for the Orb.
     0 | D:1      | Reached XP level 1. HP: 16/16 MP: 5/5
    43 | D:1      | Reached skill level 1 in Translocations
   208 | D:1      | Reached skill level 1 in Conjurations
   208 | D:1      | Reached skill level 1 in Summonings
   227 | D:1      | Reached XP level 2. HP: 20/24 MP: 2/6
   233 | D:1      | Learned a level 2 spell: Blink
   236 | D:1      | Learned a level 2 spell: Call Imp
   566 | D:1      | Reached skill level 1 in Fighting
   691 | D:1      | Reached XP level 3. HP: 31/33 MP: 8/8
  1071 | D:1      | Learned a level 3 spell: Mephitic Cloud
  1302 | D:2      | Found a faded altar of an unknown god.
  1432 | D:2      | Reached XP level 4. HP: 41/41 MP: 9/9
  1698 | D:2      | Found Saemoo's Antique Weapon Shop.
  1821 | D:2      | Found a shimmering blue altar of Sif Muna.
  1960 | D:2      | Found a runed translucent door.
  1961 | D:2      | Noticed Crazy Yiuf
  1973 | D:2      | Killed Crazy Yiuf
  1974 | D:2      | Reached skill level 2 in Fighting
  1974 | D:2      | Reached skill level 1 in Air Magic
  2273 | D:3      | Found a glowing golden altar of the Shining One.
  2325 | D:3      | Found a basalt altar of Yredelemnul.
  2481 | D:3      | Found a radiant altar of Vehumet.
  2546 | D:3      | Found a broken altar of Ashenzari.
  2552 | D:3      | Reached XP level 5. HP: 46/49 MP: 11/11
  2677 | D:3      | Found a snail-covered altar of Cheibriados.
  3012 | D:4      | Reached skill level 1 in Armour
  3016 | D:4      | Reached skill level 1 in Axes
  3385 | D:4      | Found an ornate altar of the Wu Jian Council.
  3385 | D:4      | Found a shimmering altar of Xom.
  3385 | D:4      | Found a white marble altar of Elyvilon.
  3386 | D:4      | Found a hide-covered altar of Uskayaw.
  3408 | D:4      | Found an ancient bone altar of Kikubaaqudgha.
  3412 | D:4      | Found a blossoming altar of Fedhas.
  3418 | D:4      | Found a shadowy altar of Dithmenos.
  3722 | D:5      | Entered Level 5 of the Dungeon
  3935 | D:5      | Reached XP level 6. HP: 52/59 MP: 12/12
  3983 | D:5      | Reached skill level 1 in Poison Magic
  4049 | D:5      | Reached skill level 3 in Fighting
  4397 | D:5      | Noticed a water moccasin
  4420 | D:5      | Killed a water moccasin
  4421 | D:5      | Reached XP level 7. HP: 20/68 MP: 6/13
  4649 | D:5      | Reached skill level 4 in Fighting
  5068 | D:5      | Reached skill level 1 in Maces & Flails
  5437 | D:6      | Reached XP level 8. HP: 53/79 MP: 12/15
  5558 | D:6      | Noticed Sigmund
  5613 | D:6      | Reached skill level 5 in Fighting
  5780 | D:6      | Reached skill level 5 in Spellcasting
  6040 | D:6      | Reached skill level 6 in Fighting
  6683 | D:6      | Killed Sigmund
  6684 | D:6      | Reached XP level 9. HP: 92/92 MP: 13/17
  6706 | D:6      | Reached skill level 7 in Fighting
  7029 | D:7      | Found a staircase to the Ecumenical Temple.
  7043 | Temple   | Entered the Ecumenical Temple
  7053 | Temple   | Became a worshipper of Warmaster Okawaru
  7096 | D:7      | Gained mutation: Armour fits poorly on your strangely
                  | shaped body. [potion of mutation]
  7617 | D:8      | Noticed Grum
  7639 | D:8      | Noticed Psyche
  7892 | D:7      | Killed Psyche
  7893 | D:7      | Reached skill level 8 in Fighting
  7954 | D:7      | Reached skill level 5 in Maces & Flails
  7954 | D:7      | Reached * piety under Okawaru
  8203 | D:8      | Killed Grum
  8371 | D:8      | Reached skill level 9 in Fighting
  8679 | D:8      | Reached skill level 5 in Dodging
  8679 | D:8      | Reached XP level 10. HP: 79/107 MP: 16/19
  8847 | D:9      | Reached ** piety under Okawaru
  9004 | D:9      | Noticed a two-headed ogre
  9018 | D:9      | Killed a two-headed ogre
  9262 | D:9      | Reached *** piety under Okawaru
  9562 | D:10     | Entered Level 10 of the Dungeon
  9624 | D:10     | You fall into a shaft and drop 2 floors!
  9646 | D:12     | Noticed a gargoyle
  9675 | D:12     | Killed a gargoyle
  9676 | D:12     | Reached skill level 10 in Fighting
  9847 | D:12     | Annihilated by a very large slime creature

Illustrated notes

Levels and vault maps discovered:
D:1:      ldierk_walled_garden, layout_loops_corners, minmay_tall_x
D:2:      layout_basic, basic_altar, dreamdust_ecumenical_altar_drowned_temple,
          serial_shops, nicolae_shop_overgrown_old_shop, serial_bayou_pond_a,
          uniq_crazy_yiuf_cottage
D:3:      layout_rooms, nicolae_overflow_crystal_walls, chei_slow_surprise,
          nicolae_tso_carved_into_rock, nicolae_vehumet_altar_sigil,
          cheibrodos_ashenzari_chains
D:4:      layout_basic, grunt_temple_overflow_octagram
D:5:      layout_basic, minmay_lizard_king
D:6:      layout_basic, gup_sewer_entry_spiral, uniq_sigmund
D:7:      layout_rooms, minmay_temple_entry_antechambers, nrook_mini_vaults
D:8:      layout_cave_pools, uniq_grum, uniq_psyche
D:9:      layout_roguey
D:10:     layout_loops_cross, lightli_wizard_tower
D:12:     layout_roguey, serial_bayou, serial_bayou_pond_b, serial_bayou_pond_a,
          serial_bayou_crossing, serial_bayou_ford_a, serial_bayou_pond_c,
          nicolae_wu_jian_wuxing_cycle, uniq_kirke, uniq_urug
Temple:   chequers_temple_sunken

Skill      XL: |  1  2  3  4  5  6  7  8  9 10 |
---------------+-------------------------------+-----
Translocations | 1 2 3 |  3.0
Conjurations   | 1 2 3 |  3.0
Summonings     | 1 |  1.0
Fighting       | 1 2 3 4 6 9 10 | 10.0
Dodging        | 2 3 5 |  5.7
Spellcasting   | 4 5 6 7 |  7.3
Air Magic      | 1 2 3 |  3.5
Armour         | 1 |  1.6
Axes           | 1 |  1.7
Poison Magic   | 1 2 |  2.0
Maces & Flails | 1 3 5 7 |  7.1
Stealth        | |  1.5

Action                     |  1- 3 |  4- 6 |  7- 9 | 10-12 || total
---------------------------+-------+-------+-------+-------++-------
  Melee: Dagger            |    18 |       |       |       ||    18
         Punch             |     2 |     2 |       |       ||     4
         Hand axe          |    94 |   161 |       |       ||   255
         Club              |     8 |       |       |       ||     8
         Giant spiked club |       |       |   301 |    89 ||   390
  Throw: Large rock        |       |     4 |     7 |     3 ||    14
         Dart              |       |       |     2 |     2 ||     4
   Cast: Magic Dart        |     4 |       |       |       ||     4
         Call Imp          |     3 |     8 |    11 |       ||    22
         Mephitic Cloud    |       |     4 |    37 |    14 ||    55
         Blink             |       |     2 |     2 |     2 ||     6
 Invoke: Heroism           |       |       |       |     1 ||     1
    Use: Scroll            |       |     6 |    14 |     2 ||    22
         Potion            |       |     4 |     7 |       ||    11
   Stab: Sleeping          |     2 |     3 |     1 |       ||     6
         Confused          |       |     3 |     7 |       ||    10
         Distracted        |       |       |     1 |       ||     1
 Armour: Robe              |    53 |    49 |   129 |    18 ||   249
  Dodge: Dodged            |    58 |    86 |   357 |    67 ||   568

Table legend: (Time is in decaauts)
 A = Elapsed time spent in this place.
 B = Non-inter-level travel time spent in this place.
 C = Inter-level travel time spent in this place.
 D = Time resting spent in this place.
 E = Time spent auto-exploring this place.
 F = Levels seen in this place.
 G = Mean time per level.
                   A        B        C        D        E       F      G
               +--------+--------+--------+--------+--------+-----+--------+
         Total |  10183 |  10056 |    127 |   2102 |   4921 |  12 |  848.6 |
       Dungeon |  10163 |  10036 |    127 |   2102 |   4921 |  11 |  923.9 |
        Temple |     20 |     20 |      0 |      0 |      0 |   1 |   20.0 |
               +--------+--------+--------+--------+--------+-----+--------+

Top non-repeatable levels by time:
     D:5: 1982 daAuts
     D:6: 1406 daAuts
     D:1: 1263 daAuts
     D:7: 1175 daAuts
     D:4: 943 daAuts
     D:2: 933 daAuts
     D:9: 804 daAuts
     D:8: 723 daAuts
     D:3: 639 daAuts
    D:12: 228 daAuts
    D:10: 62 daAuts
  Temple: 20 daAuts
